 Dungeon Crawl Stone Soup version 0.21.1-1-g345015fe64 (webtiles) character file.

98 Faustar the Conjurer (level 4, 0/33 HPs)
             Began as a Draconian Wizard on Feb 13, 2018.
             Slain by a bullfrog skeleton (2 damage)
             ... on level 4 of the Dungeon.
             The game lasted 00:03:54 (3093 turns).

Faustar the Conjurer (Draconian Wizard)             Turns: 3093, Time: 00:03:54

Health: 0/33       AC:  7    Str:  9    XL:     4   Next: 44%
Magic:  3/8        EV: 12    Int: 19    God:
Gold:   212        SH:  0    Dex: 10    Spells: 6/9 levels left

rFire    . . .     SeeInvis .   d - +0 club
rCold    . . .     Gourm    .   (no shield)
rNeg     . . .     Faith    .   (armour unavailable)
rPois    .         Spirit   .   p - +2 hat
rElec    .         Reflect  .   (no cloak)
rCorr    .         Harm     .   (no gloves)
MR       .....                  (no boots)
Stlth    ++........             (no amulet)
HPRegen  0.11/turn              (no ring)
MPRegen  0.11/turn              (no ring)

@: no status effects
A: unfitting armour, cold-blooded, AC +5
a: no special abilities


You were on level 4 of the Dungeon.
You were not hungry.

You visited 1 branch of the dungeon, and saw 4 of its levels.

You collected 212 gold pieces.

Inventory:

Hand Weapons
 d - a +0 club (weapon)
Armour
 a - a +0 hat
 p - a +2 hat (worn)
Scrolls
 e - a scroll of remove curse {unknown}
 l - 4 scrolls of identify {unknown}
 m - a scroll of enchant armour {unknown}
 n - a scroll of teleportation {unknown}
 o - a scroll of immolation {unknown}
 q - a scroll of fear {unknown}
Potions
 f - 2 potions of mutation {unknown}
 g - 3 potions of curing {unknown}
 h - 2 potions of heal wounds {unknown}
 i - a potion of magic {unknown}
 j - a potion of ambrosia {unknown}
 k - a potion of agility {unknown}
Books
 b - a book of Minor Magic

   Spells                             Type                      Level
   a - Magic Dart                     Conjuration                  1
   b - Blink                          Translocation                2
   c - Call Imp                       Summoning                    2
   d - Slow                           Hexes                        2
   e - Conjure Flame                  Conjuration/Fire             3
   f - Mephitic Cloud                 Conjuration/Poison/Air       3
Comestibles
 c - 4 rations


   Skills:
 - Level 1.7 Dodging
 - Level 1.7 Stealth
 - Level 3.0 Spellcasting
 + Level 4.3 Conjurations
 - Level 1.0 Summonings
   Level 1.0 Translocations


You had 6 spell levels left.
You knew the following spells:

 Your Spells              Type           Power        Failure   Level  Hunger
a - Magic Dart            Conj           ###.         2%          1    None
b - Call Imp              Summ           #.......     16%         2    ##.....


Dungeon Overview and Level Annotations

Branches:
Dungeon (4/15)
 Temple: D:4-7

Altars:
Gozag
Hepliaklqana
Makhleb
Okawaru
Ru


Innate Abilities, Weirdness & Mutations

Your plain brown scales are hard. (AC +5)
You cannot fit into any form of body armour.
You are cold-blooded and may be slowed by cold attacks.


Message History

Confirm with . or Enter, or press ? or * to list all spells.
A beastly little devil appears in a puff of flame.
The bullfrog skeleton hits you.
* * * LOW HITPOINT WARNING * * *
Casting: Call Imp
Confirm with . or Enter, or press ? or * to list all spells.
A beastly little devil appears in a puff of flame.
The bullfrog skeleton barely misses you.
Your crimson imp barely misses the bullfrog skeleton.
The bullfrog skeleton hits you but does no damage.
You hit the bullfrog skeleton but do no damage.
The bullfrog skeleton is heavily damaged.
The bullfrog skeleton hits you.
* * * LOW HITPOINT WARNING * * *
Your crimson imp hits the bullfrog skeleton.
Unknown command.
You hit the bullfrog skeleton.
The bullfrog skeleton is severely damaged.
The bullfrog skeleton hits you.
You die...

#..>..#########
#.###.#<(.....#
##.###.......#.#
#...####.##.##
###...####.# ..
#.......##.# #.#
#.......##.# #
##.......##..
#....5@.###..
#.....Z5.# ..
#..#.##..# #..#.
..# #. ## ..# #
..# ..# ###


You could see a bullfrog skeleton and 2 friendly crimson imps.

Vanquished Creatures
  3 adders
  2 worms (D:3)
  2 dart slugs (D:1)
  A leopard gecko (D:1)
  7 goblins
  9 hobgoblins
  7 jackals
  2 ball pythons (D:1)
  5 bats
  5 frilled lizards
  9 kobolds
  8 rats
60 creatures vanquished.

Vanquished Creatures (collateral kills)
  A hobgoblin (D:2)
  A jackal (D:2)
2 creatures vanquished.

Grand Total: 62 creatures vanquished

Notes
Turn   | Place    | Note
-------+----------+-------------------------------------------
     0 | D:1      | Faustar the Draconian Wizard began the quest for the Orb.
     0 | D:1      | Reached XP level 1. HP: 14/14 MP: 4/4
   458 | D:1      | Reached skill level 2 in Conjurations
   462 | D:1      | Reached XP level 2. HP: 20/20 MP: 6/6
  1168 | D:1      | Reached skill level 3 in Conjurations
  1168 | D:1      | Reached XP level 3. HP: 21/26 MP: 2/7
  1595 | D:2      | Found a burning altar of Makhleb.
  1767 | D:2      | Learned a level 2 spell: Call Imp
  1836 | D:2      | Found a hazy altar of Hepliaklqana.
  1872 | D:2      | Reached XP level 4. HP: 22/33 MP: 8/8
  1921 | D:2      | Reached skill level 4 in Conjurations
  2121 | D:3      | Found an opulent altar of Gozag.
  2626 | D:3      | Found an iron altar of Okawaru.
  2627 | D:3      | Found a sacrificial altar of Ru.
  3093 | D:4      | Slain by a bullfrog skeleton

Skill      XL: |  1  2  3  4 |
---------------+-------------+-----
Conjurations   | 2 3 4 |  4.3
Dodging        | |  1.7
Stealth        | |  1.7
Spellcasting   | |  3.0
Summonings     | |  1.0
Translocations | |  1.0

Action                   |  1- 3 |  4- 6 || total
-------------------------+-------+-------++-------
Melee: Club              |   125 |    69 ||   194
       Unarmed           |     9 |       ||     9
       Tailslap          |    10 |     5 ||    15
 Cast: Magic Dart        |    48 |    10 ||    58
       Call Imp          |     1 |     4 ||     5
 Stab: Sleeping          |     3 |     1 ||     4
  Eat: Chunk             |     3 |     4 ||     7
Armor: Skin              |    49 |    36 ||    85
Dodge: Dodged            |   123 |    58 ||   181
